 Dungeon Crawl Stone Soup version 0.31-a0-700-gf13585253f (webtiles) character file.

Game seed: 13349091153012450934

37 qw the Shooter (level 3, -2/22 HPs)
             Began as a Gargoyle Hunter on Sept 7, 2023.
             Slain by a hobgoblin (6 damage)
             ... led by Robin
             ... on level 1 of the Dungeon.
             The game lasted 00:00:21 (826 turns).

qw the Shooter (Gargoyle Hunter)                     Turns: 826, Time: 00:00:22

Health: -2/22      AC:  9    Str: 14    XL:     3   Next: 39%
Magic:  3/3        EV: 10    Int:  9    God:
Gold:   18         SH:  0    Dex: 15    Spells: 2/2 levels left

rFire   . . .        Y - +0 shortbow
rCold   . . .        (shield currently unavailable)
rNeg    + + .        d - +1 ring mail {rN+}
rPois   inf          (no helmet)
rElec   +            (no cloak)
rCorr   .            (no gloves)
SInv    .            (no boots)
Will    .....        (no amulet)
Stlth   +            (no ring)
HPRegen 0.23/turn    (no ring)
MPRegen 0.08/turn

%: no passive effects
@: no status effects
A: sickness immunity, AC +3, negative energy resistance 1, electricity
resistance, torment resistance 1, petrification resistance
a: no special abilities


You were on level 1 of the Dungeon.
You visited 1 branch of the dungeon, and saw 2 of its levels.

You collected 18 gold pieces.


Innate Abilities, Weirdness & Mutations

You are immune to sickness and miasma.
Your stone body is resilient. (AC +3)
You are immune to poison.
You resist negative energy. (rN+)
You are resistant to electric shocks. (rElec)
You are resistant to unholy torment.
You are immune to petrification.


   Skills:
 - Level 2.3 Fighting
 - Level 5.0 Ranged Weapons
 + Level 0.6 Armour
 - Level 1.5 Dodging
 - Level 1.1 Stealth


You had 2 spell levels left.
You didn't know any spells.
Your spell library was empty.

Inventory:

Hand Weapons
 Y - a +0 shortbow (weapon)
Armour
 d - a +1 ring mail of positive energy (worn)
Potions
 f - a potion of heal wounds {unknown}

Dungeon Overview and Level Annotations

Branches:
Dungeon (2/15)

Altars:

Annotations:
D:2 Robin


Message History

The goblin barely misses you. The goblin hits you but does no damage.
There is a stone staircase leading up here.
814 ||| STAIRDANCE The goblin hits you but does no damage.
You climb upwards.
There is a stone staircase leading down here.
You shoot an arrow. The arrow hits the goblin.
The goblin is heavily wounded.
The goblin closely misses you.
You shoot an arrow. The arrow closely misses the goblin.
The goblin closely misses you.
You shoot an arrow. The arrow hits the goblin.
You kill the goblin!
Things that are here:
a +0 dagger; a +2 dagger of speed; a goblin corpse Done exploring.
What level of the Dungeon? (default 2, ? - help)
There is a stone staircase leading down here.
You climb downwards.
Level annotation: Robin The goblin barely misses you.
Robin throws the goblin at you! The hobgoblin hits you.
The goblin hits you with a +0 quarterstaff!
There is a stone staircase leading up here.
823 ||| STAIRDANCE The goblin misses you.
The hobgoblin barely misses you. The goblin hits you but does no damage.
You climb upwards.
There is a stone staircase leading down here.
You shoot an arrow.
The arrow hits the hobgoblin but does no damage.
The goblin hits you with a +0 quarterstaff.
The goblin closely misses you. The hobgoblin barely misses you.
The goblin hits you with a +0 quarterstaff.
The goblin hits you but does no damage.
The hobgoblin hits you but does no damage.
You shoot an arrow. The arrow barely misses the hobgoblin.
The goblin hits you but does no damage. The goblin barely misses you.
The hobgoblin hits you.
You die...

#..##...### ######
#..####...####.....
#..## ###...######.
#...# ##...#..... ##.##
###...##.###.
#.####...########.
#..#...### #.....
######..###...#########
#....g@.# ###%..##
#....gg)# ##.?.######
#.......# ###...##.....
#.......###...####.....
#.......#...######.....
#..........#...........
######.................
#....#######........
#....# ####...####


You could see a hobgoblin (strong) and 2 goblins.

Vanquished Creatures
  3 bats (D:1)
  7 endoplasms (D:1)
  2 giant cockroaches (D:1)
  3 goblins (D:1)
  2 hobgoblins
  2 jackals (D:1)
  5 ball pythons (D:1)
  3 kobolds (D:1)
  4 rats (D:1)
31 creatures vanquished.

Notes
Turn   | Place    | Note
-------+----------+-------------------------------------------
     0 | D:1      | qw the Gargoyle Hunter began the quest for the Orb.
     0 | D:1      | Reached XP level 1. HP: 12/12 MP: 1/1
     0 | D:1      | 0 ||| qw: Version: 0.3-a-76-g4403597
     0 | D:1      | 0 ||| qw: Game counter: 628
     0 | D:1      | 0 ||| qw: Melee chars always use a shield: true
     0 | D:1      | 0 ||| qw: God list: Okawaru
     0 | D:1      | 0 ||| qw: Allow faded altars: false
     0 | D:1      | 0 ||| qw: Do Orc after clearing Dungeon:15 true
     0 | D:1      | 0 ||| qw: Do second Lair branch before Depths: true
     0 | D:1      | 0 ||| qw: Lair rune preference: random
     0 | D:1      | 0 ||| qw: Goals: Normal
     0 | D:1      | 0 ||| PLANNING D:1-11
   101 | D:1      | Reached XP level 2. HP: 17/17 MP: 2/2
   521 | D:1      | Reached XP level 3. HP: 21/21 MP: 3/3
   603 | D:1      | Reached skill level 5 in Ranged Weapons
   759 | D:1      | 759 ||| UPGRADING to +1 ring mail of positive energy.
   769 | D:1      | 769 ||| DROPPING +0 leather armour.
   770 | D:1      | 770 ||| READING scroll labelled KUICRUIPOMN.
   774 | D:1      | 774 ||| DROPPING scroll of butterflies.
   792 | D:2      | Noticed Robin
   794 | D:2      | 794 ||| STAIRDANCE
   808 | D:2      | 808 ||| STAIRDANCE
   814 | D:2      | 814 ||| STAIRDANCE
   823 | D:2      | 823 ||| STAIRDANCE
   825 | D:1      | HP: 4/22 [goblin/+0 quarterstaff[Robin] (5)]
   826 | D:1      | Slain by a hobgoblin

Levels and vault maps discovered:
D:1:      minmay_arrival_semitransparent, layout_basic, serial_curves,
          eino_curves_03, eino_curves_02
D:2:      layout_rooms, uniq_robin

Skill      XL: |  1  2  3 |
---------------+----------+-----
Ranged Weapons | 5 |  5.0
Fighting       | |  2.3
Armour         | |  0.6
Dodging        | |  1.5
Stealth        | |  1.1

Action                     || total
---------------------------++-------
   Fire: Shortbow          ||    92
    Use: Scroll            ||     1
 Armour: Leather armour    ||    26
         Ring mail         ||    16
  Dodge: Dodged            ||    47

Table legend:
 A = Non-vault XP
 B = Vault XP
 C = Vault XP percentage of total XP
 D = Non-vault monster count
 E = Vault monster count
 F = Vault count percentage of total count
                 A         B        C        D         E       F
            +---------+---------+-------+---------+---------+-------
      Total |      45 |       8 |  15.1 |      27 |       4 |  12.9
            +---------+---------+-------+---------+---------+-------
        D:1 |      45 |       6 |  11.8 |      27 |       3 |  10.0
        D:2 |       0 |       2 | 100.0 |       0 |       1 | 100.0
            +---------+---------+-------+---------+---------+-------
